 Dungeon Crawl Stone Soup version 0.21.0-3-g78d12a8 (webtiles) character file.

40 letownia2 the Conjurer (level 3, 16/16 HPs)
             Began as a Vine Stalker Wizard on Jan 15, 2018.
             Quit the game on level 6 of the Dungeon.
             The game lasted 00:02:06 (804 turns).

letownia2 the Conjurer (Vine Stalker Wizard)         Turns: 804, Time: 00:02:06

Health: 16/16      AC:  4    Str: 10    XL:     3   Next: 50%
Magic:  8/8        EV: 10    Int: 18    God:
Gold:   30         SH:  0    Dex: 12    Spells: 1/8 levels left

rFire    . . .     SeeInvis .   g - +0 dagger
rCold    . . .     Gourm    .   (no shield)
rNeg     . . .     Faith    .   j - -1 ring mail (curse)
rPois    .         Spirit   +   b - +0 hat
rElec    .         Reflect  .   (no cloak)
rCorr    .         Harm     .   (no gloves)
MR       .....                  (no boots)
Stlth    +.........             (no amulet)
HPRegen  0.05/turn              (no ring)
MPRegen  0.11/turn              (no ring)

@: no status effects
A: fangs 2, magic shield, antimagic bite, no potion heal 3, rot immunity
a: no special abilities


You were on level 6 of the Dungeon.
You were not hungry.

You visited 1 branch of the dungeon, and saw 5 of its levels.

You collected 30 gold pieces.

Inventory:

Hand Weapons
 g - a +0 dagger (weapon)
Armour
 a - a +0 robe
 b - a +0 hat (worn)
 j - a cursed -1 ring mail (worn)
Potions
 e - a potion of mutation {unknown}
 i - 2 potions of curing {unknown}
 k - a potion of might {unknown}
Books
 c - a book of Minor Magic

   Spells                             Type                      Level
   a - Magic Dart                     Conjuration                  1
   b - Blink                          Translocation                2
   c - Call Imp                       Summoning                    2
   d - Slow                           Hexes                        2
   e - Conjure Flame                  Conjuration/Fire             3
   f - Mephitic Cloud                 Conjuration/Poison/Air       3
 f - a book of Maledictions

   Spells                             Type                      Level
   a - Corona                         Hexes                        1
   b - Ensorcelled Hibernation        Hexes/Ice                    2
   c - Confuse                        Hexes                        3
   d - Tukima's Dance                 Hexes                        3
   e - Dazzling Spray                 Conjuration/Hexes            3
Comestibles
 d - 2 rations
 h - 7 chunks of flesh


   Skills:
 - Level 1.5 Dodging
 - Level 2.4 Stealth
 - Level 3.2 Spellcasting
 + Level 3.3 Conjurations
   Level 1.0 Summonings
   Level 1.0 Translocations


You had one spell level left.
You knew the following spells:

 Your Spells              Type           Power        Failure   Level  Hunger
a - Magic Dart            Conj           ##..         11%         1    None
c - Conjure Flame         Conj/Fire      #.......     54%         3    ###....
e - Mephitic Cloud        Conj/Pois/Air  #.......     61%         3    ###....


Dungeon Overview and Level Annotations

Branches:
Dungeon (4/15)
 Temple: D:4-7

Altars:


Innate Abilities, Weirdness & Mutations

You have extremely sharp teeth.
When hurt, damage is shared between your health and your magic reserves.
Your bite disrupts and absorbs the magic of your enemies.
Potions cannot restore your health.
You are immune to rotting.


Message History

a hand axe; an orc corpse You butcher the orc corpse.
h - 7 chunks of flesh (gained 4)
You see here a hand axe.
i - 2 sapphire potions (gained 1)
Found a robe.
Your magical contamination has completely faded away.
There is a stone staircase leading down here.
You climb downwards.
You hear the sound of rushing water.
There is an entrance to a sewer on this level.
Hurry and find it before the portal rusts away!
There is a stone staircase leading up here.
Unknown command.
Found a scale mail.
You fall through a shaft for 2 floors!
The shaft crumbles and collapses.
Found a falchion.
Unknown command.
Unknown command.
Are you sure you want to abandon this character and quit the game? (Confirm with "yes".)

#.
#.
#.
#)
#.
#.
#.##
#.@#
##.#
#.#
#.#
#.#
#.#
#.#
#.#


There were no monsters in sight!

Vanquished Creatures
  An adder (D:2)
  2 dart slugs
  A leopard gecko (D:1)
  An orc (D:3)
  A bat (D:3)
  3 giant cockroaches
  2 hobgoblins
  4 jackals (D:1)
  A quokka (D:2)
  3 frilled lizards
  A goblin (D:3)
  2 kobolds
  2 rats (D:1)
24 creatures vanquished.

Vanquished Creatures (others)
  5 toadstools (D:1)
5 creatures vanquished.

Grand Total: 29 creatures vanquished

Notes
Turn   | Place    | Note
-------+----------+-------------------------------------------
     0 | D:1      | letownia2 the Vine Stalker Wizard began the quest for the Orb.
     0 | D:1      | Reached XP level 1. HP: 9/9 MP: 5/5
    88 | D:1      | Reached XP level 2. HP: 6/13 MP: 2/7
   520 | D:2      | Reached XP level 3. HP: 14/16 MP: 2/8
   525 | D:2      | Learned a level 3 spell: Mephitic Cloud
   529 | D:2      | Learned a level 3 spell: Conjure Flame
   803 | D:4      | You fall through a shaft for 2 floors!
   804 | D:6      | Quit the game

Skill      XL: |  1  2 |
---------------+-------+-----
Conjurations   | 2 3 |  3.3
Dodging        | |  1.5
Stealth        | |  2.4
Spellcasting   | |  3.2
Summonings     | |  1.0
Translocations | |  1.0

Action                   || total
-------------------------++-------
Melee: Unarmed           ||    33
       Bite              ||     5
       Dagger            ||     3
 Cast: Magic Dart        ||    47
Armor: Robe              ||     9
       Ring mail         ||     9
Dodge: Dodged            ||    49
